AoeStats
← shadow

Black Forest

510054708Analyzed
2v2 RM · 4d ago on Sep 29, 2026· 54m 19s· 4 players
Game mode
Random Map
Map size
Medium (4 player)
Population
200
Speed
Normal
Resources
Standard
Victory
Conquest
Starting age
Dark Age
Ending age
Imperial Age
RankedLock teamsTeams togetherTeam positionsShared explorationLock speedFull tech treeHidden civsTurbo modeCheats
Victory
Defeat
🇭🇰 Mongols · Hong Kong SAR China
816
+44
🇨🇳 Chinese · China
816
+44
🇹🇼 Goths · Taiwan
867
-19
🇮🇩 Cumans · Indonesia
791
-15
Nahida
12:11 Loom
14:10 Feudal Age
16:58 Double-Bit Axe
16:55 Horse Collar
23:23 Castle Age
23:14 Wheelbarrow
22:26 Town Watch
25:23 Hand Cart
26:31 Bow Saw
26:25 Heavy Plow
28:13 Padded Archer Armor
28:05 Fletching
28:33 Steppe Husbandry
28:48 Bloodlines
28:47 Thumb Ring
29:48 Ballistics
30:32 Masonry
33:39 Imperial Age
33:41 Bodkin Arrow
33:54 Elite Kipchak
36:49 Parthian Tactics
36:48 Conscription
40:06 Chemistry
39:22 Leather Archer Armor
39:21 Capped Ram
40:44 Ring Archer Armor
40:53 Crop Rotation
41:19 Heavy Cavalry Archer
41:41 Light Cavalry
42:51 Murder Holes
44:29 Scale Barding Armor
44:41 Forging
45:57 Chain Barding Armor
watchout0723
0:27 Loom
14:15 Feudal Age
22:07 Castle Age
27:36 Fishing Lines
28:47 Gillnets
32:00 Murder Holes
35:42 Imperial Age
32:59 Town Watch
33:50 Double-Bit Axe
34:09 Fletching
34:29 Squires
36:25 Ballistics
37:55 Chemistry
36:30 Elite Skirmisher
38:27 Masonry
39:47 Conscription
41:08 Pikeman
43:40 Anarchy
shadow
5:26 Loom
13:13 Feudal Age
18:50 Castle Age
17:03 Horse Collar
17:37 Double-Bit Axe
19:26 Wheelbarrow
31:15 Ballistics
31:00 Padded Archer Armor
30:51 Fletching
31:59 Leather Archer Armor
32:06 Forging
31:56 Scale Mail Armor
32:06 Great Wall
32:58 Thumb Ring
34:21 Bodkin Arrow
35:01 Iron Casting
36:54 Heavy Plow
36:49 Gold Mining
36:49 Stone Mining
40:57 Imperial Age
42:17 Hand Cart
41:44 Heavy Rocket Cart
45:45 Elite Chu Ko Nu
53:03 Chemistry
3978324772
3:47 Loom
10:16 Feudal Age
11:40 Wheelbarrow
10:50 Horse Collar
10:58 Double-Bit Axe
14:18 Gold Mining
16:13 Fletching
16:25 Padded Archer Armor
16:56 Stone Mining
23:37 Castle Age
24:35 Hand Cart
24:58 Gold Shaft Mining
25:00 Stone Shaft Mining
24:38 Bow Saw
25:07 Bloodlines
24:58 Husbandry
26:15 Thumb Ring
27:26 Bodkin Arrow
28:21 Leather Archer Armor
27:44 Crossbowman
32:13 Ballistics
32:05 Masonry
31:51 Murder Holes
35:59 Imperial Age
33:31 Light Cavalry
34:31 Forging
34:27 Scale Barding Armor
37:09 Conscription
39:06 Chemistry
38:12 Bracer
38:43 Parthian Tactics
37:42 Hussar
39:46 Siege Engineers
40:39 Elite Mangudai
42:15 Iron Casting
45:40 Blast Furnace
45:01 Chain Barding Armor
46:59 Onager
48:32 Siege Onager
49:35 Drill
Connection lost

Rejoining the realm…

Still unreachable

The connection could not be restored.

Session expired

The server has moved on; the page needs a fresh start.